 Dungeon Crawl Stone Soup version 0.30-a0-39-g42789b21ef (webtiles) character file.

Game seed: 17022585943050570578

1473 SensoryNuts the Cleaver (level 8, -1/105 HPs)
             Began as a Hill Orc Fighter on Aug 28, 2022.
             Succumbed to a hornet's poison
             ... on level 6 of the Dungeon.
             The game lasted 00:04:55 (4439 turns).

SensoryNuts the Cleaver (Hill Orc Fighter)          Turns: 4439, Time: 00:04:56

Health: -1/105     AC: 12    Str: 27    XL:     8   Next: 78%
Magic:  8/8        EV:  7    Int: 13    God:
Gold:   346        SH:  4    Dex: 10    Spells: 7/7 levels left

rFire   . . .      SeeInvis .    o - +11 broad axe of the Unseen Realm {vorpal, rC+ Int+5}
rCold   + . .      Faith    .    c - +0 buckler
rNeg    . . .      Spirit   .    w - +0 plate armour
rPois   .          Reflect  .    (no helmet)
rElec   .          Harm     .    (no cloak)
rCorr   .          Rampage  .    (no gloves)
Will    .....                    (no boots)
Stlth   ..........               (no amulet)
HPRegen 0.27/turn                g - +6 ring of strength
MPRegen 0.11/turn                (no ring)

@: berserking, lethally poisoned (-1 -> -13), marked, flying, slowed
A: no striking features
a: no special abilities


You were on level 6 of the Dungeon.
You visited 1 branch of the dungeon, and saw 6 of its levels.

You collected 346 gold pieces.

Inventory:

Hand Weapons
 o - the +11 broad axe of the Unseen Realm (weapon) {vorpal, rC+ Int+5}
   (You acquired it on level 2 of the Dungeon)

   It inflicts extra damage upon your enemies.
   Int:       It affects your intelligence (+5).
   rC:        It protects you from cold.
Armour
 c - a +0 buckler (worn)
 w - a +0 plate armour (worn)
Jewellery
 g - a +6 ring of strength (left hand)
 x - a ring of resist corrosion
 z - a +6 ring of intelligence
Wands
 t - a wand of digging (3)
 y - a wand of flame (22)
Scrolls
 b - a scroll of identify
 k - a scroll of butterflies
Potions
 a - a potion of curing
 d - 4 potions of might
 e - a potion of mutation
 f - a potion of ambrosia
 h - a potion of brilliance
 j - a potion of resistance
 m - a potion of attraction
 p - a potion of heal wounds {unknown}
 r - a potion of magic {unknown}
 v - a potion of cancellation {unknown}


   Skills:
 + Level 5.9 Fighting
 * Level 11.1 Axes
 + Level 6.1 Armour
 + Level 0.5 Dodging
 + Level 0.2 Stealth
 + Level 4.0 Shields


You had 7 spell levels left.
You didn't know any spells.
Your spell library contained the following spells:

 Spells                   Type           Power      Damage    Failure   Level
 Shock                    Conj/Air       0%         1d3       99%         1
 Slow                     Hex            0%         N/A       99%         1
 Poisonous Vapours        Pois/Air       0%         N/A       100%        2
 Confusing Touch          Hex            0%         N/A       100%        3
 Ozocubu's Armour         Ice            0%         N/A       100%        3
 Swiftness                Air            0%         N/A       100%        3
 Vampiric Draining        Necr           0%         2d6       100%        3
 Airstrike                Air            0%         2d(0-16)  100%        4
 Corpse Rot               Necr/Pois/Air  0%         N/A       100%        4
 Metabolic Englaciation   Hex/Ice        0%         N/A       100%        5
 Simulacrum               Ice/Necr       0%         N/A       100%        6


Dungeon Overview and Level Annotations

Branches:
Dungeon (6/15)
 Temple: D:4-7

Altars:
Ashenzari
Elyvilon

Shops:
D:3 (


Message History

The yak misses your butterfly.
You are too berserk!
You are too berserk!
You are too berserk!
You slash the water moccasin!
The water moccasin is moderately wounded.
You slash the hornet!
* * * LOW HITPOINT WARNING * * *
You feel very sick. The hornet stings you.
* * * LOW HITPOINT WARNING * * *
You feel as though you will be slow longer.
The water moccasin bites you but does no damage.
The hornet stings you.
* * * LOW HITPOINT WARNING * * *
You feel as though you will be slow longer.
The water moccasin bites you but does no damage.
The gargoyle hits your butterfly with a +0 flail.
Your butterfly dies!
Your butterfly disappears in a burst of colours!
You swap places.
* * * LOW HITPOINT WARNING * * *
You feel very sick. The hornet stings your butterfly!
Your butterfly dies!
Your butterfly disappears in a burst of colours!
The water moccasin misses your butterfly.
The gargoyle hits your butterfly with a +0 flail!
Your butterfly dies!
Your butterfly disappears in a burst of colours!
You feel a strong urge to attack something.
* * * LOW HITPOINT WARNING * * *
You feel very sick. The hornet stings your butterfly!
Your butterfly dies!
Your butterfly disappears in a burst of colours!
The water moccasin bites you but does no damage.
You slash the water moccasin!
You kill the water moccasin!
You die...

#....b.........♣
##.......b......♣
#.....bbb.....#
#.....b.......##
#....bbbbb.....##
#....b9b...†....###
##.b.yYbb.#####...###
#....bb.## ###...##
#..b@...# ###...
#......## ##....
#......# ##.....
#....### #......
##..## #...... ####
#...... #......
#...... #......


You could see a yak (ally target), a hornet (ally target) and a gargoyle (ally
target).

Vanquished Creatures
  An unseen horror (D:6)
  Eustachio (D:5)
  Duvessa (D:5)
  2 water moccasins (D:6)
  2 ogres
  A black bear (D:4)
  A centaur (D:6)
  3 scorpions
  Dowan (D:5)
  A howler monkey (D:5)
  2 hounds (D:5)
  4 iguanas
  3 adders
  A worm (D:4)
  3 orcs
  7 ball pythons
  5 bats
  8 endoplasms
  8 giant cockroaches
  7 goblins
  6 hobgoblins
  9 jackals
  2 quokkas
  5 frilled lizards
  3 kobolds
  4 rats
91 creatures vanquished.

Notes
Turn   | Place    | Note
-------+----------+-------------------------------------------
     0 | D:1      | SensoryNuts the Hill Orc Fighter began the quest for the
                  | Orb.
     0 | D:1      | Reached XP level 1. HP: 19/19 MP: 1/1
    45 | D:1      | Reached skill level 3 in Axes
    45 | D:1      | Reached XP level 2. HP: 27/27 MP: 2/2
   327 | D:1      | Reached XP level 3. HP: 33/33 MP: 3/3
   963 | D:2      | Identified the +6 whip of Quantum Leap {protect, rC+ Will++
                  | Str+5}
   970 | D:2      | Reached skill level 4 in Axes
  1383 | D:2      | Found a broken altar of Ashenzari.
  1558 | D:2      | Identified a scroll of acquirement
  1558 | D:2      | Acquired the +11 broad axe of the Unseen Realm {vorpal, rC+
                  | Int+5}
  1586 | D:3      | Reached XP level 4. HP: 33/40 MP: 4/4
  1950 | D:3      | Found Zur Cele's Weapon Emporium.
  2436 | D:4      | Noticed an ogre
  2439 | D:4      | Killed an ogre
  2440 | D:4      | Reached skill level 6 in Axes
  2440 | D:4      | Reached XP level 5. HP: 26/47 MP: 5/5
  2669 | D:4      | Found a white marble altar of Elyvilon.
  2785 | D:4      | Reached XP level 6. HP: 46/53 MP: 6/6
  2844 | D:4      | Noticed a black bear
  2852 | D:4      | Killed a black bear
  2853 | D:4      | Reached skill level 7 in Axes
  3167 | D:5      | Entered Level 5 of the Dungeon
  3272 | D:5      | Identified the +9 dagger of Ozxy {drain, rPois}
  3523 | D:5      | Reached XP level 7. HP: 60/60 MP: 7/7
  3573 | D:5      | Noticed Duvessa
  3573 | D:5      | Noticed Dowan
  3582 | D:5      | Killed Duvessa
  3583 | D:5      | Reached skill level 8 in Axes
  3587 | D:5      | Killed Dowan
  3588 | D:5      | Reached skill level 5 in Fighting
  3631 | D:5      | Noticed Eustachio
  3637 | D:5      | Killed Eustachio
  3670 | D:5      | Reached skill level 9 in Axes
  3671 | D:5      | Reached skill level 5 in Armour
  3675 | D:5      | Reached XP level 8. HP: 69/69 MP: 8/8
  4297 | D:6      | Reached skill level 10 in Axes
  4421 | D:6      | Noticed a gargoyle
  4424 | D:6      | Killed an unseen horror
  4424 | D:6      | Noticed a hornet
  4424 | D:6      | Noticed a yak
  4425 | D:6      | Reached skill level 11 in Axes
  4437 | D:6      | HP: 4/105 [poisoned by a hornet]
  4439 | D:6      | Succumbed to a hornet's poison

Illustrated notes

Levels and vault maps discovered:
D:1:      moated_graveyard_arrival, layout_loops_ring, minmay_misc_feat_encased,
          minmay_split_cup_small
D:2:      layout_basic, basic_altar
D:3:      layout_loops_ring, serial_shops, shop_statue
D:4:      layout_loops_ring, elyvilon_altar_3
D:5:      layout_loops_ring, minmay_small_thing, uniq_duvessa, uniq_eustachio
D:6:      minmay_chambers_of_sixes, layout_cave_pods, kb_rosetta

Skill      XL: |  1  2  3  4  5  6  7  8 |
---------------+-------------------------+-----
Axes           | 3 4 6 7 9 11 | 11.1
Fighting       | 4 5 |  5.9
Armour         | 4 5 6 |  6.1
Shields        | 4 |  4.0
Dodging        | |  0.5
Stealth        | |  0.2

Action                   |  1- 3 |  4- 6 |  7- 9 || total
-------------------------+-------+-------+-------++-------
Melee: War axe           |   111 |       |       ||   111
       Broad axe         |     4 |    64 |    26 ||    94
  Use: Scroll            |     7 |     4 |     8 ||    19
       Potion            |       |       |     5 ||     5
Armor: Scale mail        |    49 |    14 |       ||    63
       Plate armour      |       |    22 |    22 ||    44
Dodge: Dodged            |    54 |    15 |     6 ||    75
Block: Buckler           |    25 |    12 |     4 ||    41

Table legend: (Time is in decaauts)
 A = Elapsed time spent in this place.
 B = Non-inter-level travel time spent in this place.
 C = Inter-level travel time spent in this place.
 D = Time resting spent in this place.
 E = Time spent auto-exploring this place.
 F = Levels seen in this place.
 G = Mean time per level.
                   A        B        C        D        E       F      G
               +--------+--------+--------+--------+--------+-----+--------+
         Total |   4508 |   4225 |    283 |      0 |   3581 |   6 |  751.3 |
       Dungeon |   4508 |   4225 |    283 |      0 |   3581 |   6 |  751.3 |
               +--------+--------+--------+--------+--------+-----+--------+

Top non-repeatable levels by time:
     D:5: 1003 daAuts
     D:4: 913 daAuts
     D:1: 893 daAuts
     D:2: 721 daAuts
     D:3: 701 daAuts
     D:6: 274 daAuts
